[Event "ICC tourney 2533 (25 5)"]
[Site "Internet Chess Club"]
[Date "2021.04.24"]
[Round "3"]
[White "DELGADO, RAPHAEL:K09-15177176"]
[Black "KOLLI, SAI:K09-16397773"]
[Result "1-0"]
[ICCResult "Black checkmated"]
[WhiteElo "913"]
[BlackElo "1507"]
[Opening "Vienna game, Max Lange defense"]
[ECO "C25"]
[NIC "VG.04"]
[Time "15:14:14"]
[PlyCount "33"]
[TimeControl "1500+5"]

1. e4 e5 2. Nc3 Nc6 3. Bc4 Bc5 4. Qg4 Qf6 5. Nd5 Qxf2+ 6. Kd1 Kf8 7. Nh3
Qd4 8. d3 Bd6 9. c3 Qc5 10. b4 Nxb4 11. cxb4 Qd4 12. Rb1 c6 13. Bb2 h5 14.
Qh4 Be7 15. Nxe7 Qd6 16. Ng6+ fxg6 17. Qd8# { Black checkmated } 1-0

[Event "ICC tourney 2533 (25 5)"]
[Site "Internet Chess Club"]
[Date "2021.04.24"]
[Round "3"]
[White "BUCHIREDDY, NEELI:K09-17330278"]
[Black "LAMPING, ANDREW:K09-16230258"]
[Result "1-0"]
[ICCResult "Black checkmated"]
[WhiteElo "750"]
[BlackElo "1327"]
[Opening "Evans gambit"]
[ECO "C52"]
[NIC "IG.05"]
[Time "15:12:17"]
[PlyCount "51"]
[TimeControl "1500+5"]

1. e4 e5 2. Nf3 Nc6 3. Bc4 Bc5 4. b4 Bxb4 5. c3 Ba5 6. Qb3 Qe7 7. Ba3 d6 8.
d4 exd4 9. O-O dxc3 10. e5 dxe5 11. Bxe7 Ngxe7 12. Bxf7+ Kf8 13. Bc4 Nf5
14. Nxc3 Nfd4 15. Nxd4 Nxd4 16. Qa3+ Ke8 17. Qxa5 Be6 18. Qxe5 Rd8 19. Bxe6
Nxe6 20. Qxe6+ Kf8 21. Rfe1 h6 22. Qe7+ Kg8 23. Qxd8+ Kh7 24. Qd3+ g6 25.
Qd7+ Kg8 26. Re8# { Black checkmated } 1-0

[Event "ICC tourney 2533 (25 5)"]
[Site "Internet Chess Club"]
[Date "2021.04.24"]
[Round "3"]
[White "HAN, MATTHEW:K09-16312223"]
[Black "RAJESH, RISHAN:K09-16815148"]
[Result "0-1"]
[ICCResult "White checkmated"]
[WhiteElo "1320"]
[BlackElo "765"]
[Opening "Giuoco Piano"]
[ECO "C54"]
[NIC "IG.02"]
[Time "15:13:53"]
[PlyCount "70"]
[TimeControl "1500+5"]

1. e4 e5 2. Nf3 Nc6 3. Bc4 Bc5 4. c3 Nf6 5. d4 exd4 6. cxd4 Bb6 7. Nc3 O-O
8. Be3 Na5 9. Bb3 Nxb3 10. Qxb3 Ba5 11. O-O-O Bxc3 12. bxc3 Nxe4 13. Qc2 d5
14. c4 Re8 15. Rhe1 Bf5 16. Nd2 Nd6 17. Qc3 Nxc4 18. Nxc4 dxc4 19. Qxc4 c6
20. Qc5 Be6 21. g3 b6 22. Qxc6 Rc8 23. Qxc8 Qxc8+ 24. Kb2 Qc4 25. Rc1 Qxa2+
26. Kc3 Rc8+ 27. Kd3 Qb3+ 28. Kd2 Qb2+ 29. Kd3 Rxc1 30. Rxc1 Bf5+ 31. Kc4
Kf8 32. Kd5 Qb3+ 33. Ke5 Qe6+ 34. Kf4 Qe4+ 35. Kg5 Qg4# { White checkmated
} 0-1

[Event "ICC tourney 2533 (25 5)"]
[Site "Internet Chess Club"]
[Date "2021.04.24"]
[Round "3"]
[White "LEYTE VIDAL, BRANDON:K09-17196870"]
[Black "NOAH MANDL CIOLEK, SIMON:K09-14759264"]
[Result "0-1"]
[ICCResult "White resigns"]
[WhiteElo "430"]
[BlackElo "1149"]
[Opening "QGD: Ragozin variation"]
[ECO "D38"]
[NIC "NI.27"]
[Time "15:12:25"]
[PlyCount "34"]
[TimeControl "1500+5"]

1. d4 d5 2. c4 e6 3. Nc3 Nf6 4. Nf3 Bb4 5. Qa4+ Nc6 6. cxd5 exd5 7. Ne5
Bxc3+ 8. bxc3 Bd7 9. Nxd7 Qxd7 10. Bf4 O-O 11. e3 a6 12. Bd3 Rac8 13. O-O
Qe6 14. Rab1 Nd8 15. Rb3 Nd7 16. Bxa6 bxa6 17. Qxa6 Qxa6 { White resigns }
0-1

[Event "ICC tourney 2533 (25 5)"]
[Site "Internet Chess Club"]
[Date "2021.04.24"]
[Round "3"]
[White "TRAN, KOLBY:K09-16895617"]
[Black "SU, THEODORE:K09-16995458"]
[Result "0-1"]
[ICCResult "White checkmated"]
[WhiteElo "663"]
[BlackElo "1279"]
[Opening "Sicilian defense"]
[ECO "B20"]
[NIC "SI.48"]
[Time "15:12:01"]
[PlyCount "40"]
[TimeControl "1500+5"]

1. e4 c5 2. Bc4 d6 3. Nc3 Nf6 4. d3 e6 5. Nf3 Nc6 6. Bg5 Be7 7. O-O O-O 8.
Qd2 a6 9. Bxf6 Bxf6 10. h3 b5 11. Bb3 Nd4 12. a4 Nxf3+ 13. gxf3 b4 14. Nd1
d5 15. exd5 exd5 16. Rb1 Bxh3 17. Re1 Qd6 18. f4 Bd4 19. c3 Qg6+ 20. Kh1
Qg2# { White checkmated } 0-1

[Event "ICC tourney 2533 (25 5)"]
[Site "Internet Chess Club"]
[Date "2021.04.24"]
[Round "3"]
[White "MICHAEL WANG, JUSTIN:K09-15796021"]
[Black "LEE, JAYDEN:K09-15757981"]
[Result "0-1"]
[ICCResult "White resigns"]
[WhiteElo "962"]
[BlackElo "2106"]
[Opening "King's Indian: 5.Nf3"]
[ECO "E90"]
[NIC "KI.21"]
[Time "15:15:06"]
[PlyCount "38"]
[TimeControl "1500+5"]

1. d4 Nf6 2. c4 g6 3. Nc3 Bg7 4. e4 d6 5. Nf3 O-O 6. Bd3 Nc6 7. e5 dxe5 8.
dxe5 Ng4 9. h3 Ngxe5 10. Nxe5 Nxe5 11. O-O Qxd3 12. Qxd3 Nxd3 13. Be3 Nxb2
14. Bf4 Bxc3 15. Bxc7 Nd3 16. Rad1 Nc5 17. Rd5 b6 18. Rfd1 Bb7 19. Rg5 Ne6
{ White resigns } 0-1

[Event "ICC tourney 2533 (25 5)"]
[Site "Internet Chess Club"]
[Date "2021.04.24"]
[Round "3"]
[White "J REEMALA, ANISH:K09-15202281"]
[Black "XIONG, LANG:K09-16344675"]
[Result "0-1"]
[ICCResult "White resigns"]
[WhiteElo "615"]
[BlackElo "1786"]
[Opening "King's Indian: Zinnowitz variation"]
[ECO "E90"]
[NIC "KI.21"]
[Time "15:13:05"]
[PlyCount "50"]
[TimeControl "1500+5"]

1. d4 Nf6 2. c4 g6 3. Nc3 Bg7 4. e4 d6 5. Nf3 O-O 6. Bg5 Nbd7 7. Be2 e5 8.
d5 h6 9. Be3 Ng4 10. Bd2 f5 11. h3 Ngf6 12. exf5 gxf5 13. O-O Qe8 14. Qc1
Kh7 15. Qc2 Nc5 16. b4 Nce4 17. Nxe4 Nxe4 18. Bd3 Nxd2 19. Qxd2 e4 20. Rfe1
Qh5 21. Bxe4 fxe4 22. Rxe4 Qg6 23. Rg4 Bxg4 24. Qe3 Bxf3 25. Qxf3 Rxf3 {
White resigns } 0-1

[Event "ICC tourney 2533 (25 5)"]
[Site "Internet Chess Club"]
[Date "2021.04.24"]
[Round "3"]
[White "JOSHUA RAJESH, AADITYA:K09-16964021"]
[Black "FENTON, SETH:K09-15344035"]
[Result "0-1"]
[ICCResult "White checkmated"]
[WhiteElo "989"]
[BlackElo "1690"]
[Opening "Sicilian: Canal-Sokolsky attack, Sokolsky variation"]
[ECO "B52"]
[NIC "SI.01"]
[Time "15:12:39"]
[PlyCount "66"]
[TimeControl "1500+5"]

1. e4 c5 2. Nf3 d6 3. Bb5+ Bd7 4. Bxd7+ Qxd7 5. c4 Nc6 6. Nc3 e6 7. d3 Nf6
8. Bg5 Be7 9. Qd2 O-O 10. O-O a6 11. Rfe1 h6 12. Be3 Rab8 13. a3 b5 14.
cxb5 axb5 15. Rab1 b4 16. axb4 Nxb4 17. e5 dxe5 18. Nxe5 Qc7 19. Bf4 Bd6
20. g3 Rfd8 21. Nc4 Bxf4 22. Qxf4 Qxf4 23. gxf4 Nxd3 24. Red1 Nxf4 25.
Rxd8+ Rxd8 26. Na4 N4d5 27. Nxc5 Rc8 28. b4 Nxb4 29. Rxb4 Rxc5 30. Ne3 Nd5
31. Rb8+ Kh7 32. Ng4 Nf4 33. Rb4 Rc1# { White checkmated } 0-1

[Event "ICC tourney 2533 (25 5)"]
[Site "Internet Chess Club"]
[Date "2021.04.24"]
[Round "3"]
[White "KOTA, SAMEER:K09-16435967"]
[Black "SETTY, KRISHNA:K09-17034958"]
[Result "0-1"]
[ICCResult "White resigns"]
[WhiteElo "323"]
[BlackElo "1109"]
[Opening "Sicilian"]
[ECO "B50"]
[NIC "SI.01"]
[Time "15:13:06"]
[PlyCount "34"]
[TimeControl "1500+5"]

1. e4 c5 2. Nf3 d6 3. Nc3 Nf6 4. Bc4 g6 5. O-O Bg7 6. Ng5 O-O 7. d3 Nc6 8.
Be3 Bd7 9. b3 Ne5 10. Bd5 Nxd5 11. exd5 Qc7 12. f4 Ng4 13. h3 Nxe3 14. Qe2
Nxf1 15. Rxf1 Bxc3 16. Qxe7 Rae8 17. Qxe8 Rxe8 { White resigns } 0-1

[Event "ICC tourney 2533 (25 5)"]
[Site "Internet Chess Club"]
[Date "2021.04.24"]
[Round "3"]
[White "HAUSER, EVAN:K09-16622553"]
[Black "KINI, SIDDHARTH:K09-15628986"]
[Result "1/2-1/2"]
[ICCResult "White stalemated"]
[WhiteElo "1231"]
[BlackElo "683"]
[Opening "Giuoco Pianissimo"]
[ECO "C55"]
[NIC "IG.01"]
[Time "15:13:57"]
[PlyCount "140"]
[TimeControl "1500+5"]

1. e4 e5 2. Nf3 Nc6 3. Bc4 Nf6 4. d3 Bc5 5. O-O d6 6. h3 h6 7. Nc3 O-O 8.
Be3 Bb6 9. d4 exd4 10. Nxd4 Nxd4 11. Bxd4 Bxd4 12. Qxd4 c5 13. Qd3 Be6 14.
Rad1 Bxc4 15. Qxc4 Re8 16. Rfe1 Qc7 17. Qd3 Rad8 18. Nd5 Nxd5 19. Qxd5 Qc6
20. Qxc6 bxc6 21. c4 a5 22. f4 a4 23. Kf2 Rb8 24. Re2 Red8 25. Red2 Kf8 26.
Ke3 Ke7 27. e5 dxe5 28. Rxd8 exf4+ 29. Kxf4 Rxd8 30. Rxd8 Kxd8 31. Ke4 Kd7
32. Ke5 Ke7 33. g4 g6 34. h4 f6+ 35. Ke4 Ke6 36. Kf4 g5+ 37. hxg5 hxg5+ 38.
Ke4 f5+ 39. gxf5+ Kf6 40. Kf3 Kxf5 41. Kg3 g4 42. Kf2 Kf4 43. Kg2 g3 44.
Kg1 Kf3 45. Kf1 g2+ 46. Kg1 Ke3 47. Kxg2 Kd3 48. b3 axb3 49. axb3 Kc3 50.
Kf2 Kxb3 51. Ke2 Kxc4 52. Kd2 Kd4 53. Kc2 c4 54. Kd2 c3+ 55. Kc2 Kc4 56.
Kc1 Kb3 57. Kb1 c2+ 58. Kc1 c5 59. Kd2 Kb2 60. Kd3 c1=Q 61. Ke4 Qd2 62. Kf5
Qe3 63. Kf6 Qe4 64. Kg5 Kc3 65. Kf6 Kd4 66. Kg5 Ke3 67. Kf6 c4 68. Kg5 Qf4+
69. Kg6 Ke4 70. Kh5 Kf5 { White stalemated } 1/2-1/2

[Event "ICC tourney 2533 (25 5)"]
[Site "Internet Chess Club"]
[Date "2021.04.24"]
[Round "3"]
[White "DAVID, ADRIAN:K09-17191302"]
[Black "SHAH, ROSHAN:K09-15246447"]
[Result "0-1"]
[ICCResult "White resigns"]
[WhiteElo "738"]
[BlackElo "1320"]
[Opening "Sicilian: accelerated fianchetto, modern variation"]
[ECO "B34"]
[NIC "SI.33"]
[Time "15:12:11"]
[PlyCount "50"]
[TimeControl "1500+5"]

1. e4 c5 2. Nf3 Nc6 3. d4 cxd4 4. Nxd4 g6 5. Nc3 Bg7 6. Nxc6 bxc6 7. Bf4
Nf6 8. Bd3 O-O 9. O-O e6 10. Bd6 Re8 11. Qf3 Bb7 12. e5 Nd5 13. Nxd5 cxd5
14. Qg3 f6 15. exf6 Bxf6 16. Bf4 e5 17. Bh6 Bh4 18. Qe3 d4 19. Qd2 Qc7 20.
Rfe1 Qc6 21. Be4 d5 22. Bf3 Re7 23. b3 e4 24. Bg4 e3 25. Qxd4 exf2+ { White
resigns } 0-1

[Event "ICC tourney 2533 (25 5)"]
[Site "Internet Chess Club"]
[Date "2021.04.24"]
[Round "3"]
[White "BUCHIREDDY, SAMHITHA:K09-30014268"]
[Black "MA, TRISTAN:K09-15699071"]
[Result "1-0"]
[ICCResult "Black resigns"]
[WhiteElo "842"]
[BlackElo "1367"]
[Opening "two knights defense: Bogolyubov variation"]
[ECO "C58"]
[NIC "KP.01"]
[Time "15:12:27"]
[PlyCount "43"]
[TimeControl "1500+5"]

1. e4 e5 2. Nf3 Nc6 3. Bc4 Nf6 4. Ng5 d5 5. exd5 Na5 6. Bb5+ c6 7. dxc6
bxc6 8. Qf3 Be7 9. Bxc6+ Nxc6 10. Qxc6+ Bd7 11. Qf3 h6 12. Ne4 Nxe4 13.
Qxe4 Qc7 14. Qxa8+ Bd8 15. Qe4 Bc6 16. Qg4 O-O 17. O-O f5 18. Qe2 Qe7 19.
Nc3 Qg5 20. f3 Bb6+ 21. Kh1 f4 22. Qc4+ { Black resigns } 1-0

[Event "ICC tourney 2533 (25 5)"]
[Site "Internet Chess Club"]
[Date "2021.04.24"]
[Round "3"]
[White "SANKARANAARAYAN, HRUSHIKESH:K09-16322758"]
[Black "MARIAN, AARON:K09-15799497"]
[Result "0-1"]
[ICCResult "White checkmated"]
[WhiteElo "849"]
[BlackElo "1400"]
[Opening "Old Benoni defense"]
[ECO "A43"]
[NIC "OI.09"]
[Time "15:12:37"]
[PlyCount "126"]
[TimeControl "1500+5"]

1. d4 c5 2. c3 Nf6 3. Nf3 d5 4. g3 Nc6 5. Bg2 Bg4 6. Nbd2 e6 7. e3 cxd4 8.
cxd4 Bb4 9. O-O O-O 10. a3 Ba5 11. b4 Bc7 12. Qc2 Ne7 13. Re1 b5 14. e4
dxe4 15. Nxe4 Nf5 16. Bb2 Nxe4 17. Qxe4 Bxf3 18. Bxf3 Nd6 19. Qxa8 Qxa8 20.
Bxa8 Rxa8 21. Rac1 Nc4 22. Re2 Bb6 23. Rec2 Rd8 24. h3 Bxd4 25. Bxd4 Rxd4
26. a4 a6 27. axb5 axb5 28. Ra2 Kf8 29. Ra7 Rd5 30. Rca1 g6 31. Rc1 Kg7 32.
Ra2 Rd4 33. Kg2 Ne5 34. Rc5 Nd3 35. Rxb5 Rxb4 36. Rxb4 Nxb4 37. Rb2 Nd5 38.
Rd2 f5 39. g4 Kf6 40. gxf5 gxf5 41. Kg3 h5 42. Kg2 Kg5 43. Rd4 h4 44. Rd2
Nf4+ 45. Kf3 Nxh3 46. Rd4 e5 47. Rd3 e4+ 48. Ke3 exd3 49. Kxd3 Nxf2+ 50.
Ke3 Ne4 51. Kf3 h3 52. Ke2 h2 53. Kf1 h1=Q+ 54. Ke2 Nd6 55. Ke3 f4+ 56. Ke2
f3+ 57. Kf2 Ne4+ 58. Ke3 f2 59. Ke2 f1=Q+ 60. Ke3 Qf2+ 61. Kd3 Qd1+ 62. Kc4
Qdd4+ 63. Kb3 Qfb2# { White checkmated } 0-1

[Event "ICC tourney 2533 (25 5)"]
[Site "Internet Chess Club"]
[Date "2021.04.24"]
[Round "3"]
[White "SAI POTHURI, ABHIRAM:K09-15560780"]
[Black "S SINGH ATWAL, TEJVEER:K09-17280520"]
[Result "1-0"]
[ICCResult "Black checkmated"]
[WhiteElo "1948"]
[BlackElo "100"]
[Opening "Ruy Lopez: Berlin defense"]
[ECO "C65"]
[NIC "RL.07"]
[Time "15:13:29"]
[PlyCount "31"]
[TimeControl "1500+5"]

1. e4 e5 2. Nf3 Nc6 3. Bb5 Nf6 4. d3 d6 5. h3 Bd7 6. O-O Qe7 7. Be3 O-O-O
8. Nc3 Na5 9. a4 Bxb5 10. axb5 c6 11. Rxa5 cxb5 12. Rxa7 Rd7 13. Ra8+ Kc7
14. Nxb5+ Kc6 15. Na7+ Kc7 16. Rc8# { Black checkmated } 1-0

[Event "ICC tourney 2533 (25 5)"]
[Site "Internet Chess Club"]
[Date "2021.04.24"]
[Round "3"]
[White "CHEN, JONAH:K09-15805266"]
[Black "GIBSON DAVIS, ZACHARY:K09-15656534"]
[Result "1-0"]
[ICCResult "Black checkmated"]
[WhiteElo "1308"]
[BlackElo "753"]
[Opening "Ruy Lopez: Nuremberg variation"]
[ECO "C60"]
[NIC "RL.01"]
[Time "15:14:28"]
[PlyCount "57"]
[TimeControl "1500+5"]

1. e4 e5 2. Nf3 Nc6 3. Bb5 f6 4. O-O Bc5 5. c3 d6 6. d4 Bb6 7. d5 Bg4 8.
dxc6 bxc6 9. Bxc6+ Bd7 10. Bxa8 Qxa8 11. Nbd2 Ne7 12. Re1 Ng6 13. Nc4 Bc5
14. b4 Bb6 15. Nxb6 cxb6 16. Qxd6 Qb7 17. Bb2 Nf4 18. c4 Nd3 19. Qxd3 O-O
20. Qd5+ Qxd5 21. exd5 b5 22. cxb5 a6 23. bxa6 e4 24. Rxe4 f5 25. Re7 f4
26. Rxd7 g6 27. Rg7+ Kh8 28. Rxg6+ Rf6 29. Bxf6# { Black checkmated } 1-0

[Event "ICC tourney 2533 (25 5)"]
[Site "Internet Chess Club"]
[Date "2021.04.24"]
[Round "3"]
[White "ELIAS FALL, KHADIM:K09-15886147"]
[Black "PARKS CHURCH, OWEN:K09-15268150"]
[Result "0-1"]
[ICCResult "White checkmated"]
[WhiteElo "753"]
[BlackElo "1334"]
[Opening "Giuoco Piano: four knights variation"]
[ECO "C47"]
[NIC "RG.01"]
[Time "15:14:04"]
[PlyCount "42"]
[TimeControl "1500+5"]

1. e4 e5 2. Nf3 Nf6 3. Nc3 Nc6 4. Bc4 Bc5 5. O-O d6 6. d3 Bg4 7. h3 Bh5 8.
Be3 Qd7 9. Bxc5 dxc5 10. a3 Nd4 11. Rb1 Nxf3+ 12. gxf3 Qxh3 13. Nd5 Nxd5
14. Bxd5 Bxf3 15. Qxf3 Qxf3 16. Bxb7 Rb8 17. Bd5 Rb6 18. Rfe1 Rg6+ 19. Kf1
Rg2 20. Re2 Rh2 21. Kg1 Rh1# { White checkmated } 0-1

[Event "ICC tourney 2533 (25 5)"]
[Site "Internet Chess Club"]
[Date "2021.04.24"]
[Round "3"]
[White "TCHENG, SUHN:K09-16951820"]
[Black "SUN, YIYI:K09-16380808"]
[Result "0-1"]
[ICCResult "White checkmated"]
[WhiteElo "406"]
[BlackElo "1133"]
[Opening "Petrov: French attack"]
[ECO "C42"]
[NIC "RG.03"]
[Time "15:14:07"]
[PlyCount "102"]
[TimeControl "1500+5"]

1. e4 e5 2. Nf3 Nf6 3. Nxe5 d6 4. Nf3 Nxe4 5. d3 Nf6 6. Bg5 Be7 7. Nc3 Nc6
8. Qe2 O-O 9. O-O-O Re8 10. Re1 Bg4 11. Qd2 Nd7 12. Bxe7 Rxe7 13. d4 Bxf3
14. gxf3 Rxe1+ 15. Qxe1 Nxd4 16. Be2 Nxe2+ 17. Qxe2 Qe8 18. Qc4 c6 19. Qd4
Qe5 20. Qg4 Nf6 21. Qb4 b6 22. Ne4 Nxe4 23. fxe4 Qf4+ 24. Kd1 Qf3+ 25. Kd2
Qxh1 26. Qxd6 Qxe4 27. Kd1 Qd5+ 28. Qxd5 cxd5 29. Kd2 Kf8 30. Kd3 Ke7 31.
Kd4 Kd6 32. c3 Rc8 33. f3 f5 34. f4 g6 35. h4 h5 36. b3 b5 37. c4 bxc4 38.
bxc4 dxc4 39. Kc3 Kd5 40. a4 Rb8 41. a5 Rb3+ 42. Kc2 Kd4 43. a6 Ra3 44. Kb2
Rxa6 45. Kc2 c3 46. Kb1 Kd3 47. Kc1 c2 48. Kb2 Kd2 49. Kb3 c1=Q 50. Kb4
Rb6+ 51. Ka4 Qa1# { White checkmated } 0-1

[Event "ICC tourney 2533 (25 5)"]
[Site "Internet Chess Club"]
[Date "2021.04.24"]
[Round "3"]
[White "MIXON, OZAN:K09-16976458"]
[Black "GANESAN, VIKRANT:K09-16786952"]
[Result "0-1"]
[ICCResult "White resigns"]
[WhiteElo "822"]
[BlackElo "1628"]
[Opening "Sicilian: Alapin's variation (2.c3)"]
[ECO "B22"]
[NIC "SI.46"]
[Time "15:13:05"]
[PlyCount "50"]
[TimeControl "1500+5"]

1. e4 c5 2. c3 e6 3. d4 cxd4 4. cxd4 d5 5. e5 Bb4+ 6. Nc3 Qc7 7. Bd2 Bxc3
8. Bxc3 Ne7 9. f4 Bd7 10. Nf3 h6 11. Bd3 Nbc6 12. O-O O-O 13. Rc1 a6 14. a4
Rfc8 15. Nh4 Rab8 16. f5 exf5 17. Nxf5 Bxf5 18. Bxf5 Nxf5 19. Rxf5 b5 20.
axb5 axb5 21. Qf3 Qd7 22. Rf1 Rf8 23. Qg3 b4 24. Bd2 Nxd4 25. Rh5 Ne2+ {
White resigns } 0-1

[Event "ICC tourney 2533 (25 5)"]
[Site "Internet Chess Club"]
[Date "2021.04.24"]
[Round "3"]
[White "EISENBRAUN, TYLER:K09-30031250"]
[Black "HENRY EASTERDAY, WILLIAM:K09-16350945"]
[Result "1-0"]
[ICCResult "Black resigns"]
[WhiteElo "472"]
[BlackElo "1150"]
[Opening "Réti: King's Indian attack"]
[ECO "A05"]
[NIC "QP.11"]
[Time "15:12:19"]
[PlyCount "85"]
[TimeControl "1500+5"]

1. Nf3 Nf6 2. g3 g6 3. Bg2 Bg7 4. O-O d6 5. d3 O-O 6. Nc3 e5 7. Bg5 Bg4 8.
h3 Bxf3 9. Bxf3 c6 10. d4 exd4 11. Qxd4 Nbd7 12. Qxd6 h6 13. Bxf6 Nxf6 14.
Qxd8 Raxd8 15. Rad1 h5 16. b3 g5 17. Ne4 Nxe4 18. Bxe4 h4 19. gxh4 gxh4 20.
Kg2 Be5 21. Kf3 f5 22. Rg1+ Kh7 23. Bd3 Rd4 24. e3 Rd5 25. Rg5 Bg7 26. Rdg1
Rf7 27. Rh5+ Bh6 28. Bc4 Rg7 29. Rxg7+ Kxg7 30. Bxd5 Kg6 31. Bf7+ Kxf7 32.
Rxh6 Kg7 33. Rxh4 Kg6 34. e4 fxe4+ 35. Rxe4 Kg5 36. h4+ Kf5 37. Re7 Kg6 38.
Rxb7 Kh5 39. Rxa7 Kxh4 40. Rh7+ Kg5 41. a4 Kg6 42. Rc7 Kf5 43. Rxc6 { Black
resigns } 1-0

[Event "ICC tourney 2533 (25 5)"]
[Site "Internet Chess Club"]
[Date "2021.04.24"]
[Round "3"]
[White "WILLIAM MARVIN, MATTHEW:K09-16370802"]
[Black "DE LI HSU, IAN:K09-17146724"]
[Result "1-0"]
[ICCResult "Black checkmated"]
[WhiteElo "1335"]
[BlackElo "797"]
[Opening "QGD Slav: 4.Nc3"]
[ECO "D15"]
[NIC "SL.03"]
[Time "15:13:56"]
[PlyCount "45"]
[TimeControl "1500+5"]

1. d4 d5 2. c4 c6 3. Nf3 Nf6 4. Nc3 Bf5 5. cxd5 cxd5 6. Qb3 Qd7 7. Ne5 Qc7
8. Bf4 e6 9. e4 dxe4 10. Bb5+ Nbd7 11. Nxd7 Qc8 12. Nxf6+ Ke7 13. Nfxe4
Bxe4 14. Nxe4 f5 15. Nc5 Kf7 16. Rc1 b6 17. Nd3 Qd8 18. Ne5+ Kf6 19. h4
Qxd4 20. Nd7+ Kg6 21. Qxe6+ Kh5 22. Qxf5+ g5 23. hxg5# { Black checkmated }
1-0

[Event "ICC tourney 2533 (25 5)"]
[Site "Internet Chess Club"]
[Date "2021.04.24"]
[Round "3"]
[White "SANTOSH, AKSHAY:K09-15350106"]
[Black "BATRA, ANSH:K09-16342642"]
[Result "1-0"]
[ICCResult "Black checkmated"]
[WhiteElo "1484"]
[BlackElo "883"]
[Opening "Sicilian: Magnus Smith trap"]
[ECO "B57"]
[NIC "SI.25"]
[Time "15:12:32"]
[PlyCount "59"]
[TimeControl "1500+5"]

1. e4 c5 2. d4 cxd4 3. Nf3 Nc6 4. Nxd4 Nf6 5. Nc3 d6 6. Bc4 g6 7. Nxc6 bxc6
8. e5 Ng4 9. e6 d5 10. Qxg4 Bxe6 11. Qf3 dxc4 12. Qxc6+ Bd7 13. Qxc4 Bg7
14. O-O Qb6 15. Nd5 Be6 16. Nxb6 Bxc4 17. Nxc4 Rc8 18. Ne3 O-O 19. c3 Rfd8
20. Rd1 Bh6 21. Rxd8+ Rxd8 22. h3 e6 23. Kh2 Rb8 24. Nc4 Bg7 25. Bf4 Rc8
26. Rd1 Rxc4 27. Rd8+ Bf8 28. Bh6 Rc8 29. Rxc8 f5 30. Rxf8# { Black
checkmated } 1-0

[Event "ICC tourney 2533 (25 5)"]
[Site "Internet Chess Club"]
[Date "2021.04.24"]
[Round "3"]
[White "SRIKAR MEDIDA, ABHIJAY:K09-17135175"]
[Black "WANG, JOSEPH Y:K09-15722256"]
[Result "0-1"]
[ICCResult "White checkmated"]
[WhiteElo "312"]
[BlackElo "1419"]
[Opening "Sicilian"]
[ECO "B50"]
[NIC "SI.01"]
[Time "15:14:07"]
[PlyCount "68"]
[TimeControl "1500+5"]

1. e4 c5 2. Nf3 d6 3. Bc4 Nc6 4. Ng5 e6 5. Nf3 Nf6 6. c3 Nxe4 7. d3 Nf6 8.
d4 d5 9. Be2 Bd7 10. O-O Qc7 11. Bg5 Be7 12. Nbd2 cxd4 13. cxd4 h6 14. Be3
Rc8 15. Bd3 e5 16. dxe5 Nxe5 17. Nd4 Nxd3 18. N2b3 Nc5 19. Rc1 Qd6 20. Nf3
Nxb3 21. Qxb3 O-O 22. Rfd1 Be6 23. Nd4 Ng4 24. Nxe6 Qxh2+ 25. Kf1 fxe6 26.
Rxc8 Rxc8 27. Qxb7 Nxe3+ 28. Ke1 Rc7 29. Qb8+ Kh7 30. fxe3 Bh4+ 31. Kf1
Qh1+ 32. Ke2 Qxg2+ 33. Kd3 Qc2+ 34. Kd4 Bf6# { White checkmated } 0-1

[Event "ICC tourney 2533 (25 5)"]
[Site "Internet Chess Club"]
[Date "2021.04.24"]
[Round "3"]
[White "MORGAN, DRAKE:K09-17025296"]
[Black "ASTHANA, AMAN:K09-15042721"]
[Result "0-1"]
[ICCResult "White resigns"]
[WhiteElo "192"]
[BlackElo "947"]
[Opening "Sicilian defense"]
[ECO "B20"]
[NIC "SI.48"]
[Time "15:12:49"]
[PlyCount "78"]
[TimeControl "1500+5"]

1. e4 c5 2. Qh5 Nc6 3. Bc4 g6 4. Qf3 Nf6 5. Nh3 Bg7 6. Ng5 e6 7. O-O d5 8.
exd5 exd5 9. Bxd5 O-O 10. Bxc6 bxc6 11. Qxc6 Bd7 12. Qxc5 a5 13. d4 Rc8 14.
Qe5 Ng4 15. Qd5 Nf6 16. Qb3 Be6 17. Nxe6 fxe6 18. Qxe6+ Kh8 19. Qe5 Rxc2
20. Bg5 Rc4 21. Nd2 Rxd4 22. Nf3 Rd5 23. Qe3 Ng4 24. Qb3 Ne5 25. Nxe5 Qxg5
26. Rfe1 Rxe5 27. Qc3 Rxe1+ 28. Qxe1 Bxb2 29. Rb1 Bd4 30. Qd1 Bc5 31. g3
Qf5 32. Rc1 Qxf2+ 33. Kh1 Be3 34. Rb1 Qd2 35. Qf1 Rxf1+ 36. Rxf1 Qxa2 37.
Rf3 Qb1+ 38. Kg2 Bc5 39. Rc3 Qb2+ { White resigns } 0-1

[Event "ICC tourney 2533 (25 5)"]
[Site "Internet Chess Club"]
[Date "2021.04.24"]
[Round "3"]
[White "WANG, ETHAN:K09-15914623"]
[Black "JIAN GARCIA, JAMES:K09-15774152"]
[Result "1-0"]
[ICCResult "Black checkmated"]
[WhiteElo "1409"]
[BlackElo "842"]
[Opening "French: Tarrasch, Guimard variation"]
[ECO "C04"]
[NIC "FR.15"]
[Time "15:14:28"]
[PlyCount "39"]
[TimeControl "1500+5"]

1. e4 e6 2. d4 d5 3. Nd2 Nc6 4. c3 dxe4 5. Nxe4 Nf6 6. Nxf6+ Qxf6 7. Nf3
Qd8 8. Bd3 Be7 9. O-O O-O 10. Re1 b6 11. Bc2 Ba6 12. Be3 Bg5 13. Nxg5 h6
14. Nf3 Bb7 15. Qd2 Na5 16. Bxh6 gxh6 17. Qxh6 f5 18. Qg6+ Kh8 19. Ng5 Rf7
20. Nxf7# { Black checkmated } 1-0

[Event "ICC tourney 2533 (25 5)"]
[Site "Internet Chess Club"]
[Date "2021.04.24"]
[Round "3"]
[White "SMARAN JAINI, KRISHIV:K09-16268124"]
[Black "WEICHENG ZHANG, JUSTIN:K09-16253356"]
[Result "0-1"]
[ICCResult "White checkmated"]
[WhiteElo "806"]
[BlackElo "1355"]
[Opening "Queen's pawn game"]
[ECO "A46"]
[NIC "QP.06"]
[Time "15:13:45"]
[PlyCount "72"]
[TimeControl "1500+5"]

1. d4 Nf6 2. Nf3 e6 3. g3 c5 4. c3 d5 5. Bf4 Qb6 6. b3 Nc6 7. Bg5 Ne4 8.
Bg2 Nxg5 9. Nxg5 cxd4 10. cxd4 Qxd4 11. Qxd4 Nxd4 12. Nf3 Nc2+ 13. Kd2 Nxa1
14. Nc3 Nxb3+ 15. axb3 Bb4 16. Ne5 d4 17. Nd3 Bxc3+ 18. Kc2 O-O 19. e3 Rb8
20. exd4 Bxd4 21. Kd2 Bd7 22. Rd1 Rfc8 23. Ke1 Bb5 24. Nf4 Bc3+ 25. Rd2 Rd8
26. Ne2 Bxd2+ 27. Kf1 Bc3 28. f3 Rd2 29. f4 Rxe2 30. Bf3 Rxh2+ 31. Kg1 Ra2
32. g4 Rd8 33. g5 Bc6 34. Bg4 Bd4+ 35. Kf1 Bg2+ 36. Ke1 Bc3# { White
checkmated } 0-1